 Dungeon Crawl Stone Soup version 0.16.0 (webtiles) character file.

65 Fiveotanaka the Insei (level 4, -1/23 HPs)
             Began as a Vine Stalker Monk on Mar 19, 2015.
             Slain by a river rat (6 damage)
             ... in a sewer.
             The game lasted 00:03:56 (1300 turns).

Fiveotanaka the Insei (Vine Stalker Monk)           Turns: 1300, Time: 00:03:56

Health: -1/23      AC:  7    Str: 14    XL:     4   Next: 13%
Magic:  0/5        EV: 11    Int: 10    God:
Gold:   48         SH:  0    Dex: 17    Spells: 0 memorised, 3 levels left

rFire  . . .     SeeInvis .       - Unarmed
rCold  + . .     Clarity  .     e - +2 ring mail {rC+}
rNeg   . . .     SustAb   .     (no shield)
rPois  .         Gourm    .     (no helmet)
rElec  .         Spirit   +     (no cloak)
rCorr  .         Warding  .     (no gloves)
rMut   .         Stasis   .     (no boots)
MR     .....                    (no amulet)
Stlth  +.........               (no ring)
                                (no ring)

@: very slightly contaminated, invisible, not resistant to hostile enchantments,
very unstealthy
A: fangs 2, regeneration 1, magic shield, antimagic bite, no device heal 3, rot
immunity
a: no special abilities


You were in a sewer.
You were not hungry.

You visited 1 branch of the dungeon, and saw 3 of its levels.
You also visited: Sewer.

You collected 48 gold pieces.

Inventory:

Missiles
 c - 133 stones (quivered)
 j - 8 poisoned needles
Armour
 a - a +0 robe
 e - a +2 ring mail of cold resistance (worn)
Jewellery
 r - an uncursed amulet of stasis
Scrolls
 g - a scroll of amnesia {unknown}
 m - a scroll of recharging {unknown}
 n - a scroll of remove curse
 o - 2 scrolls of identify {unknown}
 p - 3 scrolls of teleportation {unknown}
Potions
 h - a potion of resistance {unknown}
 i - a potion of degeneration {unknown}
 k - a potion of restore abilities {unknown}
Comestibles
 b - 3 bread rations
 f - a beef jerky
 l - 2 meat rations
 q - 2 chunks of flesh


   Skills:
 - Level 2.6 Fighting
 - Level 2.4 Dodging
 - Level 2.4 Stealth
 + Level 5.5 Unarmed Combat


You had 3 spell levels left.
You didn't know any spells.

Dungeon Overview and Level Annotations

Branches:
Dungeon (3/15)

Altars:


Innate Abilities, Weirdness & Mutations

You have extremely sharp teeth.
Your natural rate of healing is unusually fast.
When hurt, damage is shared between your health and your magic reserves.
Your bite disrupts and absorbs the magic of your enemies.
Potions and wands cannot restore your health.
You are immune to rotting.


Message History

Your unstable footing causes you to fumble your attack.
The river rat closely misses you. x2
The river rat bites you but does no damage.
Your unstable footing causes you to fumble your attack.
The river rat bites you but does no damage.
The river rat bites you. The river rat bites you!
* * * LOW HITPOINT WARNING * * *
Drink which item? (? for menu, Esc to quit)
It was a potion of invisibility.
You fade into invisibility!
The river rat bites you. The river rat closely misses you.
The river rat bites you.
* * * LOW HITPOINT WARNING * * *
You are very lightly contaminated with residual magic.
Drink which item? (? for menu, Esc to quit)
Okay, then.
Your unstable footing causes you to fumble your attack.
The rat bites you but does no damage. The river rat closely misses you.
The river rat bites you!
You die...

.....######......##
....## ##......#
÷≈≈≈# #≈≈≈≈≈≈#
≈≈≈≈# #≈≈≈≈≈≈#
≈≈≈≈# #≈≈≈≈≈≈#
≈≈≈≈# #≈≈≈≈≈≈#
≈†≈≈# #≈≈≈≈≈≈#
≈≈≈≈# #≈≈≈≈≈≈#
≈≈≈≈# #≈≈≈≈@r#
≈≈≈≈# #≈≈≈rrr#
≈≈≈≈# #≈≈≈≈≈r#
≈≈≈≈# #≈≈≈≈≈r#
≈≈≈≈# #≈≈≈≈r≈#
≈≈≈≈# #≈≈≈≈≈≈#
≈≈≈≈# #≈≈≈≈≈≈#
≈≈≈≈# #≈≈≈≈≈≈#
≈≈≈≈# #≈≈≈≈≈≈#


You could see 3 river rats and 4 rats.

Vanquished Creatures
  2 adders
  A giant mite (D:3)
  A giant gecko (D:1)
  An ooze (D:2)
  An orc (D:3)
  A hobgoblin (D:1)
  4 jackals (D:2)
  2 quokkas (D:2)
  6 bats
  A giant cockroach (D:1)
  5 giant newts
  3 goblins
  3 kobolds
  14 rats
45 creatures vanquished.

Notes
Turn   | Place    | Note
--------------------------------------------------------------
     0 | D:1      | Fiveotanaka, the Vine Stalker Monk, began the quest for the Orb.
     0 | D:1      | Reached XP level 1. HP: 11/11 MP: 1/1
   121 | D:1      | Reached XP level 2. HP: 10/16 MP: 3/3
   722 | D:2      | Reached XP level 3. HP: 19/19 MP: 4/4
   907 | D:2      | Reached skill level 5 in Unarmed Combat
  1182 | D:3      | Found a glowing drain.
  1200 | D:3      | Reached XP level 4. HP: 21/23 MP: 5/5
  1211 | Sewer    | Entered a sewer
  1300 | Sewer    | Slain by a river rat

Action                   |  1- 3 |  4- 6 || total
-------------------------+-------+-------++-------
Melee: Unarmed           |    70 |    24 ||    94
  Use: Scroll            |     1 |       ||     1
       Potion            |       |     1 ||     1
 Stab: Sleeping          |     1 |       ||     1
  Eat: Chunk             |     1 |       ||     1
